 Dungeon Crawl Stone Soup version 0.30-a0-424-g7412bad402 (webtiles) character file.

Game seed: 17598269711912995963

33478 cforsyth the Warrior (level 13, -16/201 HPs)
             Began as a Minotaur Berserker on Dec 10, 2022.
             Was a High Priest of Trog.
             Demolished by a reaper
             ... wielding a +1 scythe of freezing
              (28 damage)
             ... in an ice cave.
             The game lasted 00:33:21 (12774 turns).

cforsyth the Warrior (Minotaur Berserker)          Turns: 12774, Time: 00:33:22

Health: -16/201    AC: 19    Str: 28    XL:     13   Next: 37%
Magic:  12/12      EV: 14    Int:  4    God:    Trog [*****.]
Gold:   766        SH:  6    Dex: 15    Spells: 12/12 levels left

rFire   . . .      SeeInvis .    a - +8 broad axe (elec)
rCold   + + .      Faith    .    N - +1 buckler {rC+}
rNeg    . . .      Spirit   .    u - +2 chain mail {rC+}
rPois   .          Reflect  .    F - +0 hat
rElec   .          Harm     .    e - +0 cloak
rCorr   .          Rampage  .    j - +0 pair of gloves
Will    ++...                    l - +0 pair of boots
Stlth   ..........               g - amulet of the acrobat
HPRegen 1.53/turn                m - +6 ring of dexterity
MPRegen 0.13/turn                (no ring)

@: berserking (expiring), strong-willed, regenerating, very quick
A: horns 2, retaliatory headbutt
a: Renounce Religion, Berserk, Trog's Hand, Brothers in Arms


You were in an ice cave.
You worshipped Trog.
Trog was extremely pleased with you.
You visited 2 branches of the dungeon, and saw 14 of its levels.
You also visited: Ice Cave.

You collected 766 gold pieces.

Inventory:

Hand Weapons
 a - a +8 broad axe of electrocution (weapon)
 q - the +4 sling of Disgust {antimagic, rC+ Will+ Str-2 Dex+4}
   (You found it on level 3 of the Dungeon)

   It reduces the magical energy of the wielder, and disrupts the spells and
   magical abilities of those it strikes.
   Natural abilities and divine invocations are not affected.
   Str:       It affects your strength (-2).
   Dex:       It affects your dexterity (+4).
   rC:        It protects you from cold.
   Will:      It increases your willpower.
Missiles
 v - 7 throwing nets
Armour
 e - a +0 cloak (worn)
 j - a +0 pair of gloves (worn)
 l - a +0 pair of boots (worn)
 u - a +2 chain mail of cold resistance (worn)
 F - a +0 hat (worn)
 M - a +0 plate armour
 N - a +1 buckler of cold resistance (worn)
Jewellery
 g - an amulet of the acrobat (around neck)
 m - a +6 ring of dexterity (left hand)
 H - an amulet of faith
Wands
 t - a wand of mindburst (18)
 w - a wand of light (14)
 D - a wand of roots (8)
 L - a wand of paralysis (5)
Scrolls
 b - 6 scrolls of teleportation
 o - a scroll of fear
 y - 8 scrolls of blinking
 z - a scroll of enchant armour {unknown}
 A - 2 scrolls of silence {unknown}
 B - 3 scrolls of noise {unknown}
 E - a scroll of magic mapping {unknown}
 J - a scroll of fog
Potions
 c - a potion of might
 d - a potion of attraction {unknown}
 h - 3 potions of mutation
 i - 2 potions of cancellation
 k - 3 potions of flight
 n - 5 potions of haste
 p - 10 potions of curing
 r - a potion of degeneration {unknown}
 s - 2 potions of resistance
 x - a potion of lignification {unknown}
 C - a potion of berserk rage {unknown}
 G - a potion of heal wounds {unknown}
 K - a potion of ambrosia {unknown}
Miscellaneous
 I - a phial of floods


   Skills:
 + Level 17.6 Fighting
 + Level 13.7 Axes
 + Level 13.4 Armour
 + Level 12.3 Dodging
 - Level 5.0 Shields
 - Level 5.0 Evocations


You had 12 spell levels left.
You didn't know any spells.
Your spell library was empty.

Dungeon Overview and Level Annotations

Branches:
Dungeon (13/15)            Temple (0/1) D:4            Lair (1/5) D:10
    Orc (0/2) D:11         Vaults (0/5) D:13          IceCv (1/1)

Altars:
Dithmenos
Elyvilon
Fedhas
Gozag
Hepliaklqana
Kikubaaqudgha
Makhleb
Nemelex Xobeh
Okawaru
Qazlal
Sif Muna
Trog
Uskayaw
Zin
The Shining One

Shops:
D:5 :   D:6 (   D:11 =

Annotations:
D:9 1 runed translucent door, Uniporpoise's ghost, novice DESu
D:12 3 runed translucent doors, Efuan's ghost, journeyman MiFi


Innate Abilities, Weirdness & Mutations

You have a pair of horns on your head.
You reflexively headbutt those who attack you in melee.


Message History

The reaper freezes you.
The dire elephant simulacrum tramples you!
You hold your ground!
The dire elephant simulacrum trunk-slaps you!
* * * LOW HITPOINT WARNING * * *
The dire elephant simulacrum freezes you!
You resist.
* * * LOW HITPOINT WARNING * * *
Unknown command.
Unknown command.
Really walk into that cloud of freezing vapour?
Okay, then.
Unknown command.
You slice the dire elephant simulacrum!!
The dire elephant simulacrum is severely damaged.
You block the reaper's attack.
Unknown command.
Unknown command.
You slice the dire elephant simulacrum!!
Lightning courses through the dire elephant simulacrum!
The dire elephant simulacrum vaporises!
Trog accepts your kill.
The reaper hits you from afar with a +1 scythe of freezing!!
* * * LOW HITPOINT WARNING * * *
The reaper freezes you.
* * * LOW HITPOINT WARNING * * *
Really walk into that cloud of freezing vapour?
Okay, then.
Unknown command.
Unknown command.
Unknown command.
Unknown command.
You are too berserk!
Unknown command.
You barely miss the reaper.
You slash the two-headed ogre simulacrum!
Lightning courses through the two-headed ogre simulacrum!
The reaper beckons to you.
The reaper hits you with a +1 scythe of freezing!!
You die...

##.##.## #..##.#
....# ##.##.##
#....# ##..###.#
.....#
##..###..##
#..... #...#
###.# ....
#...###.#.###..#
#..###....##Z2#
#..#≈##≈#...@#
#.##≈≈#≈≈##.##
#.##≈≈≈≈≈≈###
##.#≈≈≈≈≈≈##
#.#≈≈≈≈≈≈≈#
##~~≈≈≈≈≈≈# ≈≈..
##~~≈≈≈≈≈≈#
≈≈≈≈##
#~~#≈≈≈≈≈##
≈≈≈≈≈#
##~###≈≈≈###
≈≈≈≈


You could see a reaper and a two-headed ogre simulacrum.

Vanquished Creatures
  Gastronok (D:11)
  Harold (D:11)
  6 centaur warriors (D:13)
  An ogre mage (D:13)
  A boulder beetle (D:11)
  3 two-headed ogres
  Sonja (D:11)
  A deep elf pyromancer (D:13)
  2 necromancers (D:13)
  2 ugly things
  2 wolf spiders (D:13)
  6 cyclopes
  A guardian serpent (shapeshifter) (D:13)
  4 manticores
  An ice statue (IceCv)
  An efreet (D:13)
  A komodo dragon (D:13)
  2 unseen horrors
  A kobold demonologist (D:11)
  2 anaconda simulacra (IceCv)
  3 trolls
  A meliai (shapeshifter) (D:13)
  A hornet (D:8)
  21 slime creatures
  A culicivora (shapeshifter) (D:13)
  2 dire elephant simulacra (IceCv)
  A wraith (D:12)
  3 wyverns
  8 yaks
  A basilisk (D:12)
  2 humans (D:9)
  A steam dragon (D:7)
  2 wargs (D:11)
  3 death yak simulacra (IceCv)
  11 vampire mosquitoes
  2 harpy simulacra (IceCv)
  2 water moccasins
  4 orc warriors
  A sky beast (D:6)
  4 black bears
  2 ice beasts
  3 ogres
  2 phantoms
  5 centaurs
  3 gnoll sergeants
  2 necrophages
  3 kobold brigands
  5 bullfrogs
  7 two-headed ogre simulacra (IceCv)
  6 scorpions
  14 wights
  6 killer bees
  An elephant simulacrum (IceCv)
  3 howler monkeys
  A jelly (D:6)
  8 orc priests
  2 hounds (D:5)
  3 iguanas
  6 orc wizards
  7 spriggan simulacra (IceCv)
  6 troll simulacra (IceCv)
  2 polar bear simulacra (IceCv)
  A wolf simulacrum (IceCv)
  20 gnolls
  10 adders
  5 naga simulacra (IceCv)
  A shadow imp (D:5)
  16 white imps
  8 ufetubi (IceCv)
  2 worms
  4 dart slugs
  44 orcs
  7 bats
  7 endoplasms
  2 giant cockroaches
  7 hobgoblins
  4 jackals (D:2)
  5 quokkas
  6 ball pythons
  3 frilled lizards (D:1)
  9 goblins
  26 kobolds
  2 rats (D:3)
400 creatures vanquished.

Vanquished Creatures (others)
  6 fungi (D:10)
  5 plants (D:10)
11 creatures vanquished.

Grand Total: 411 creatures vanquished

Notes
Turn   | Place    | Note
-------+----------+-------------------------------------------
     0 | D:1      | cforsyth the Minotaur Berserker began the quest for the
                  | Orb.
     0 | D:1      | Reached XP level 1. HP: 19/19 MP: 0/0
   453 | D:1      | Reached XP level 2. HP: 27/27 MP: 1/1
  1024 | D:2      | Reached skill level 4 in Fighting
  1024 | D:2      | Reached skill level 1 in Shields
  1024 | D:2      | Reached XP level 3. HP: 33/33 MP: 2/2
  1065 | D:2      | Reached ** piety under Trog
  1623 | D:3      | Identified the +4 sling of Disgust {antimagic, rC+ Will+
                  | Str-2 Dex+4}
  1667 | D:3      | Reached XP level 4. HP: 40/40 MP: 1/3
  1820 | D:3      | Noticed a phantom
  1829 | D:3      | Killed a phantom
  1830 | D:3      | Reached XP level 5. HP: 43/47 MP: 1/4
  2156 | D:3      | Reached *** piety under Trog
  2186 | D:3      | Reached skill level 5 in Axes
  2186 | D:3      | Reached XP level 6. HP: 24/55 MP: 1/5
  2380 | D:4      | Reached skill level 5 in Fighting
  2703 | D:4      | Reached XP level 7. HP: 48/61 MP: 6/6
  2946 | D:4      | Identified a scroll of acquirement
  2946 | D:4      | Acquired a +4 broad axe of electrocution
  2996 | D:4      | Found a staircase to the Ecumenical Temple.
  3238 | D:5      | Entered Level 5 of the Dungeon
  3238 | D:5      | Found Iqivetug's Book Shoppe.
  3284 | D:5      | Reached skill level 6 in Fighting
  3284 | D:5      | Reached skill level 5 in Armour
  3569 | D:5      | Reached skill level 5 in Dodging
  3635 | D:5      | Reached XP level 8. HP: 69/71 MP: 7/7
  3697 | D:5      | Found a burning altar of Makhleb.
  3812 | D:6      | Reached skill level 7 in Fighting
  3841 | D:6      | Reached skill level 5 in Shields
  3861 | D:6      | Reached **** piety under Trog
  3971 | D:6      | Reached skill level 8 in Fighting
  4175 | D:6      | You fall into a shaft and drop 3 floors!
  4249 | D:9      | Reached skill level 9 in Fighting
  4249 | D:9      | Reached XP level 9. HP: 83/83 MP: 8/8
  4561 | D:9      | Found an ancient bone altar of Kikubaaqudgha.
  4772 | D:9      | Reached skill level 10 in Fighting
  5256 | D:7      | Reached skill level 11 in Fighting
  5540 | D:6      | Reached XP level 10. HP: 88/96 MP: 9/9
  5699 | D:6      | Found Usub's Weapon Shoppe.
  6066 | D:7      | Reached ***** piety under Trog
  6680 | D:8      | Reached skill level 12 in Fighting
  6883 | D:8      | Found a shadowy altar of Dithmenos.
  6896 | D:8      | Noticed a two-headed ogre
  6900 | D:8      | Killed a two-headed ogre
  6901 | D:8      | Reached skill level 10 in Axes
  7166 | D:9      | Found an iron altar of Okawaru.
  7182 | D:9      | Reached skill level 13 in Fighting
  7423 | D:9      | Found a runed translucent door.
  7479 | D:9      | Noticed Uniporpoise's ghost (novice DESu)
  7555 | D:10     | Entered Level 10 of the Dungeon
  7729 | D:10     | Reached skill level 10 in Armour
  7878 | D:10     | Found a staircase to the Lair.
  8038 | D:10     | Found a hide-covered altar of Uskayaw.
  8040 | D:10     | Found a glowing golden altar of the Shining One.
  8040 | D:10     | Found a blossoming altar of Fedhas.
  8042 | D:10     | Found a stormy altar of Qazlal.
  8249 | D:10     | Found a sparkling altar of Nemelex Xobeh.
  8250 | D:10     | Found a hazy altar of Hepliaklqana.
  8250 | D:10     | Found a glowing silver altar of Zin.
  8252 | D:10     | Found a white marble altar of Elyvilon.
  8253 | D:10     | Found a shimmering blue altar of Sif Muna.
  8254 | D:10     | Found an opulent altar of Gozag.
  8255 | D:10     | Found a bloodstained altar of Trog.
  8356 | D:10     | Received a gift from Trog
  8357 | D:10     | Reached XP level 11. HP: 107/107 MP: 10/10
  8402 | D:10     | Identified the +1 robe of Objectivity {-Cast rPois rN+
                  | Stlth+}
  8568 | D:11     | Found a staircase to the Orcish Mines.
  8596 | D:11     | Reached skill level 14 in Fighting
  8711 | D:11     | Noticed Harold
  8716 | D:11     | Killed Harold
  8793 | D:11     | Noticed Gastronok
  8805 | D:11     | Killed Gastronok
  8806 | D:11     | Reached skill level 10 in Dodging
  9139 | D:11     | Noticed a boulder beetle
  9153 | D:11     | Killed a boulder beetle
  9216 | D:11     | Found Ruroet Ywno's Jewellery Shoppe.
  9230 | D:11     | Reached skill level 15 in Fighting
  9364 | D:11     | Noticed a cyan ugly thing
  9368 | D:11     | Killed a cyan ugly thing
  9431 | D:11     | Noticed Sonja
  9443 | D:11     | Killed Sonja
  9648 | D:12     | Identified the +8 war axe "Orb Guardian's Bane" {vorpal,
                  | *Noise rPois rCorr Stlth+} (Trog gifted it to you on level
                  | 12 of the Dungeon)
  9648 | D:12     | Received a gift from Trog
  9896 | D:12     | Reached XP level 12. HP: 114/122 MP: 11/11
  9900 | D:12     | Reached skill level 1 in Evocations
 10049 | D:12     | Reached skill level 16 in Fighting
 10167 | D:12     | Found a runed translucent gate.
 10167 | D:12     | Found a runed translucent gate.
 10168 | D:12     | Found a runed translucent gate.
 10168 | D:12     | Noticed Efuan's ghost (journeyman MiFi)
 10649 | D:13     | Noticed a two-headed ogre
 10658 | D:13     | Killed a two-headed ogre
 10782 | D:13     | Noticed a centaur warrior
 10789 | D:13     | Killed a centaur warrior
 10921 | D:13     | Found a gate to the Vaults.
 11025 | D:13     | Noticed a centaur warrior
 11038 | D:13     | Reached skill level 17 in Fighting
 11038 | D:13     | Noticed a two-headed ogre
 11041 | D:13     | Killed a centaur warrior
 11048 | D:13     | Killed a two-headed ogre
 11289 | D:13     | Noticed a centaur warrior
 11292 | D:13     | Noticed an ogre mage
 11295 | D:13     | Killed a centaur warrior
 11299 | D:13     | Killed an ogre mage
 11300 | D:13     | Reached XP level 13. HP: 111/132 MP: 12/12
 11859 | Lair:1   | Entered Level 1 of the Lair of Beasts
 11859 | Lair:1   | Found a frozen archway.
 11874 | IceCv    | Entered an ice cave
 12405 | IceCv    | Received a gift from Trog
 12656 | IceCv    | Reached ****** piety under Trog
 12759 | IceCv    | Noticed a reaper
 12762 | IceCv    | Reached skill level 5 in Evocations
 12772 | IceCv    | HP: 10/201 [reaper/+1 scythe of freezing (3)]
 12774 | IceCv    | Demolished by a reaper

Illustrated notes

Levels and vault maps discovered:
D:1:      dpeg_chamrin_arrival_tetris, layout_basic
D:2:      layout_rooms, minmay_pentomino_q4
D:3:      layout_rooms, kennysheep_another_room, minmay_tree_intersection,
          kennysheep_generic_room_5
D:4:      layout_cave_pools, minmay_temple_entry_butterflies, minivault_11,
          minmay_manual_monstrance
D:5:      layout_loops_cross, lightli_temple_of_fire, serial_shops, shop
D:6:      wad_crossroads, layout_basic, serial_shops, shop
D:7:      layout_gridville
D:8:      layout_basic, nicolae_dithmenos_the_darkroom
D:9:      layout_stronghold, okawaru_humans, kiku_gazebo_pond_becter,
          ebering_ghost_reflecting_pool
D:10:     layout_gridville, grunt_temple_overflow_open, minitemple,
          grunt_lair_entry_orc_guard_hut
D:11:     layout_roguey, david_orc_1_choice, serial_shops, nicolae_square_shop,
          uniq_sonja, uniq_gastronok, uniq_harold
D:12:     layout_rooms, ebering_ghost_rock_garden
D:13:     minmay_concentric_multi, layout_rooms, david_vaults_1
Lair:1:   layout_roguey, basic_altar, portal_ice_cave_entry_imps,
          nicolae_quartered_pool_medium, st_stairs_8,
          chequers_serial_rivers_micro_e
IceCv:    ice_cave_caverns_02

Skill      XL: |  1  2  3  4  5  6  7  8  9 10 11 12 13 |
---------------+----------------------------------------+-----
Axes           | 4 5 6 7 9 10 12 13 | 13.7
Fighting       | 4 5 6 9 11 13 15 17 | 17.6
Shields        | 1 2 3 4 5 |  5.0
Armour         | 3 4 5 6 8 10 11 13 | 13.4
Dodging        | 3 4 5 6 7 9 10 11 12 | 12.3
Evocations     | 4 5 |  5.0

Action                   |  1- 3 |  4- 6 |  7- 9 | 10-12 | 13-15 || total
-------------------------+-------+-------+-------+-------+-------++-------
Melee: Hand axe          |    87 |    71 |       |       |       ||   158
       Headbutt          |    10 |     5 |    28 |    63 |    20 ||   126
       Broad axe         |       |       |   161 |   304 |   123 ||   588
       Battleaxe         |       |       |     2 |       |       ||     2
 Fire: Sling             |     6 |    83 |       |       |       ||    89
Invok: Berserk           |       |     3 |       |       |     1 ||     4
       Trog's Hand       |       |       |       |       |     1 ||     1
Evoke: Wand              |       |       |       |     4 |       ||     4
  Use: Scroll            |       |    10 |     7 |     4 |       ||    21
Armor: Chain mail        |    51 |    96 |    83 |   164 |    49 ||   443
Dodge: Dodged            |    36 |    55 |   110 |   254 |    75 ||   530
Block: Buckler           |     6 |    19 |    44 |   102 |    35 ||   206

Table legend: (Time is in decaauts)
 A = Elapsed time spent in this place.
 B = Non-inter-level travel time spent in this place.
 C = Inter-level travel time spent in this place.
 D = Time resting spent in this place.
 E = Time spent auto-exploring this place.
 F = Levels seen in this place.
 G = Mean time per level.
                   A        B        C        D        E       F      G
               +--------+--------+--------+--------+--------+-----+--------+
         Total |  12967 |  12415 |    552 |    676 |   9426 |  15 |  864.5 |
       Dungeon |  12051 |  11499 |    552 |    576 |   8867 |  13 |  927.0 |
          Lair |     14 |     14 |      0 |      0 |      0 |   1 |   14.0 |
      Ice Cave |    901 |    901 |      0 |    100 |    559 |   1 |  901.0 |
               +--------+--------+--------+--------+--------+-----+--------+

Top non-repeatable levels by time:
     D:9: 1480 daAuts
    D:13: 1453 daAuts
    D:11: 1086 daAuts
     D:1: 958 daAuts
     D:3: 955 daAuts
     D:6: 954 daAuts
   IceCv: 901 daAuts
    D:12: 840 daAuts
    D:10: 809 daAuts
     D:4: 769 daAuts
     D:7: 761 daAuts
     D:8: 730 daAuts
     D:2: 673 daAuts
     D:5: 578 daAuts
  Lair:1: 14 daAuts
